Map: Backwater LE

Players

Scarlett - Winner!

  • Race: Zerg Zerg
  • Spawn Location: 11:00

ArT

  • Race: Protoss Protoss
  • Spawn Location: 5:00

Event: IEM Season 12 - Katowice

VOD

Have the link to the VOD?

Description

Time

  • Played on: Feb. 26, 2018, 9:39 a.m.
  • Length: 9:26

All games in this series

Show
View Real Time Build Order
Export as new Build Order

Scarlett Zerg - Winner!

Build Orders: Pool First 

Get SALT Encoding   

  12  0:01  Drone  
  13  0:12  Extractor  
  12  0:24  Spawning Pool  
  11  0:29  Drone  
  11  0:33  Drone  
  13  0:39  Drone  
  14  0:50  Overlord  
  14  1:10  Zergling x2  
  14  1:11  Zergling x2  
  16  1:12  Metabolic Boost  
  16  1:14  Zergling x2  
  17  1:23  Zergling x2  
  18  1:28  Queen  
  20  1:34  Zergling x2  
  21  1:45  Zergling x2  
  22  2:01  Hatchery  
  21  2:08  Evolution Chamber  
  21  2:14  Overlord  
  20  2:19  Zergling x2  
  21  2:23  Zergling x2  
  21  2:35  Zergling x2  
  22  2:38  Zergling x2  
  22  2:42  Zergling x2  
  24  2:44  Zergling x2  
  25  2:53  Zergling x2  
  25  2:54  Zergling x2  
  23  3:05  Zergling x2  
  23  3:08  Zergling x2  
  23  3:09  Zergling x2  
  23  3:12  Zergling x2  
  26  3:18  Zergling x2  
  26  3:19  Zergling x2  
  27  3:29  Zergling x4  
  28  3:40  Drone x2  
  29  3:46  Drone  
  27  4:07  Drone x6  
  29  4:18  Drone  
  29  4:19  Drone, Queen  
  33  4:34  Drone x2  
  33  4:38  Overlord  
  33  4:40  Drone  
  33  4:41  Drone x2  
  33  4:42  Drone  
  36  5:01  Hatchery  
  36  5:06  Drone x2  
  37  5:09  Overlord  
  37  5:12  Drone x2  
  37  5:13  Drone  
  40  5:17  Drone x2  
  42  5:21  Overlord  
  42  5:23  Drone  
  42  5:26  Zerg Melee Weapons Level 1  
  42  5:28  Drone  
  43  5:32  Zergling x2  
  43  5:33  Zergling x2  
  46  5:35  Zergling x4  
  46  5:38  Zergling x2  
  46  5:41  Extractor, Zergling x2  
  46  5:42  Zergling x2  
  49  5:46  Drone x2  
  51  5:51  Queen  
  51  5:54  Zergling x2  
  55  5:57  Zergling x2  
  55  6:04  Drone  
  55  6:05  Drone x2  
  55  6:06  Drone  
  55  6:07  Lair, Overlord  
  59  6:14  Drone  
  59  6:17  Drone  
  61  6:21  Drone  
  61  6:24  Drone  
  63  6:25  Overlord  
  63  6:26  Queen  
  63  6:29  Drone  
  63  6:31  Drone x3  
  69  6:35  Drone x4  
  69  6:39  Overlord  
  73  6:44  Extractor  
  73  6:45  Roach Warren  
  71  6:49  Drone x2  
  71  6:51  Extractor  
  72  6:58  Spore Crawler  
  69  7:07  Drone x2  
  69  7:08  Drone x5  
  75  7:10  Spore Crawler  
  75  7:12  Hydralisk Den  
  75  7:15  Drone x6, Baneling Nest  
  79  7:24  Drone x3  
  82  7:36  Drone x2, Overlord  
  84  7:39  Extractor x2  
  84  7:40  Hatchery  
  81  7:44  Drone  
  81  7:47  Muscular Augments  
  82  7:51  Drone x5  
  82  7:52  Drone  
  82  7:53  Overlord  
  82  7:54  Overlord  
  88  7:58  Centrifical Hooks  
  88  7:59  Baneling  
  88  8:00  Baneling x6  
  88  8:01  Overseer  
  88  8:15  Pneumatized Carapace  
  88  8:16  Drone  
  88  8:19  Hydralisk  
  89  8:20  Hydralisk x2  
  94  8:28  Hydralisk x2  
  94  8:29  Overlord x5  
  98  8:47  Overlord x2  
  98  8:48  Overlord, Hydralisk x2  
  98  8:49  Hydralisk x4  
  98  8:53  Baneling  
  98  8:54  Baneling x3  
  110  9:02  Hydralisk x3  
  116  9:03  Zergling x6  
Show
View Real Time Build Order
Export as new Build Order

ArT Protoss 

Build Orders:  

Get SALT Encoding   

  12  0:00  Probe  
  13  0:12  Probe  
  14  0:19  Pylon  
  14  0:25  Probe  
  15  0:37  Probe (Chrono Boost)  
  15  0:38  Gateway  
  16  0:46  Probe (Chrono Boost)  
  16  0:47  Assimilator  
  17  0:52  Probe (Chrono Boost)  
  18  1:04  Probe (Chrono Boost)  
  20  1:11  Probe (Chrono Boost)  
  20  1:25  Zealot  
  22  1:28  Cybernetics Core, Gateway  
  22  1:36  Pylon  
  22  1:39  Pylon  
  22  1:43  Probe  
  25  2:03  Adept (Chrono Boost)  
  25  2:04  Shield Battery  
  25  2:07  Warp Gate  
  27  2:22  Adept  
  27  2:26  Shield Battery  
  27  2:37  Probe  
  27  2:38  Gateway  
  27  2:49  Adept  
  25  3:01  Probe  
  22  3:14  Adept (Chrono Boost)  
  22  3:15  Probe  
  25  3:22  Pylon  
  25  3:23  Shield Battery  
  25  3:29  Adept (Chrono Boost)  
  25  3:33  Adept  
  28  3:50  Probe  
  27  4:02  Probe  
  28  4:20  Probe  
  29  4:25  Pylon  
  28  4:36  Probe  
  29  4:42  Nexus  
  29  4:48  Probe (Chrono Boost)  
  30  4:53  Stalker  
  30  4:58  Probe (Chrono Boost)  
  33  5:01  Assimilator  
  33  5:04  Probe  
  34  5:14  Stargate  
  34  5:18  Probe  
  35  5:30  Probe  
  36  5:39  Pylon  
  36  5:42  Probe  
  37  5:54  Probe (Chrono Boost)  
  37  5:55  Probe (Chrono Boost)  
  39  5:58  Oracle  
  39  6:04  Probe x2 (Chrono Boost)  
  44  6:09  Probe (Chrono Boost), Robotics Facility  
  44  6:10  Probe (Chrono Boost)  
  46  6:21  Probe (Chrono Boost)  
  46  6:25  Twilight Council  
  48  6:26  Probe (Chrono Boost)  
  48  6:28  Probe (Chrono Boost)  
  49  6:33  Probe  
  49  6:35  Phoenix  
  49  6:36  Probe  
  53  6:45  Probe  
  54  6:48  Probe  
  54  6:51  Pylon  
  55  6:57  Probe  
  56  7:01  Warp Prism  
  56  7:03  Charge (Chrono Boost)  
  55  7:13  Gateway x2  
  55  7:15  Gateway  
  55  7:20  Gateway  
  55  7:23  Gateway  
  55  7:28  Gateway  
  55  7:31  Probe  
  55  7:34  Gateway  
  56  7:47  Pylon  
  56  7:57  Templar Archives  
  56  8:01  Pylon  
  56  8:02  Assimilator  
  56  8:03  Pylon  
  56  8:08  Probe x2, Assimilator  
  58  8:22  Zealot x5  
  58  8:23  Zealot x2  
  58  8:30  Probe  
  58  8:33  Zealot x8  
  75  8:36  Pylon  
  75  8:38  Probe  
  76  8:44  Pylon  
  76  8:55  High Templar x4  
  82  8:56  Zealot  
  82  8:57  Zealot x3  
  82  8:59  Archon x2  
  92  9:05  Pylon  
  92  9:18  Zealot x4  

Tags
 
Add a new tag
Caveats
  • Supply blocks, unpowered buildings, or Contaminate may cause inaccurate times.
  • Supply counts are checked every 10 seconds.